 Dungeon Crawl Stone Soup version 0.30-a0-385-gfebfb9b408 (webtiles) character file.

Game seed: 12320674321285130742

4 tio the Grave Robber (level 1, 0/13 HPs)
             Began as a Demonspawn Necromancer on Dec 2, 2022.
             Slain by a jackal (3 damage)
             ... on level 1 of the Dungeon.
             The game lasted 00:01:11 (170 turns).

tio the Grave Robber (Demonspawn Necromancer)        Turns: 170, Time: 00:01:12

Health: 0/13       AC:  2    Str:  8    XL:     1   Next: 50%
Magic:  1/3        EV: 12    Int: 16    God:
Gold:   0          SH:  0    Dex: 13    Spells: 3/4 levels left

rFire   . . .      SeeInvis .    (no weapon)
rCold   . . .      Faith    .    (no shield)
rNeg    . . .      Spirit   .    a - +0 robe
rPois   .          Reflect  .    (no helmet)
rElec   .          Harm     .    (no cloak)
rCorr   .          Rampage  .    (no gloves)
Will    .....                    (no boots)
Stlth   ++........               (no amulet)
HPRegen 0.22/turn                (no ring)
MPRegen 0.08/turn                (no ring)

@: no status effects
A: no striking features
a: no special abilities


You were on level 1 of the Dungeon.
You visited 1 branch of the dungeon, and saw 1 of its levels.

Inventory:

Armour
 a - a +0 robe (worn)
Scrolls
 d - a scroll of teleportation {unknown}
 e - a scroll of summoning {unknown}
Potions
 c - 2 potions of curing {unknown}


   Skills:
 + Level 1.7 Dodging
 + Level 1.8 Stealth
 + Level 2.0 Spellcasting
 + Level 4.6 Necromancy


You had 3 spell levels left.
You knew the following spells:

 Your Spells              Type           Power      Damage    Failure   Level
a - Necrotise             Necr           64%        1d7       3%          1

Your spell library contained the following spells:

 Spells                   Type           Power      Damage    Failure   Level
 Vampiric Draining        Necr           16%        2d7       10%         3
 Animate Dead             Necr           16%        N/A       30%         4
 Agony                    Necr           16%        N/A       65%         5


Dungeon Overview and Level Annotations

Branches:
Dungeon (1/15)

Altars:


Message History

A jackal comes into view.
You are out of magic!
Magic courses through your body.
A jackal comes into view.
The gnoll hits your kobold skeleton with a +0 spear.
Your kobold skeleton hits the gnoll.
The gnoll barely misses your kobold skeleton.
Your kobold skeleton closely misses the gnoll.
The gnoll barely misses your kobold skeleton.
Your kobold skeleton hits the gnoll but does no damage.
The gnoll hits your kobold skeleton with a +0 spear.
Your kobold skeleton is destroyed!
The gnoll writhes in agony.
The gnoll writhes in agony.
The gnoll closely misses you.
The gnoll barely resists.
The gnoll closely misses you.
The gnoll barely resists.
The gnoll hits you but does no damage.
You are out of magic!
You see here a scroll labelled ACEXIL BISSOUH.
The gnoll barely misses you. The gnoll misses you.
The jackal attacks as you move away! The jackal barely misses you.
The jackal bites you. The jackal closely misses you.
The gnoll hits you from afar with a +0 spear.
The jackal bites you. The jackal attacks as you move away!
The jackal bites you but does no damage.
The jackal barely misses you. The jackal attacks as you move away!
The jackal bites you but does no damage.
The jackal bites you. The jackal attacks as you move away!
The jackal bites you but does no damage.
The jackal attacks as you move away! The jackal barely misses you.
The jackal bites you.
* * * LOW HITPOINT WARNING * * *
The jackal attacks as you move away! The jackal barely misses you.
A bat comes into view.
A goblin comes into view. It is wielding a +0 dagger.
The bat hits you but does no damage. The jackal bites you.
You die...

##################
............g...h#
..##############h#
....###### #@#
?...).........g..#
....##..........b#
..### ########...
..# #... ### #....
##.#. #.#.#


You could see 2 jackals, a goblin and a bat.

Vanquished Creatures
  A giant cockroach (D:1)
  A hobgoblin (D:1)
  A kobold (D:1)
3 creatures vanquished.

Notes
Turn   | Place    | Note
-------+----------+-------------------------------------------
     0 | D:1      | tio the Demonspawn Necromancer began the quest for the Orb.
     0 | D:1      | Reached XP level 1. HP: 13/13 MP: 3/3
   170 | D:1      | Slain by a jackal

Illustrated notes

Levels and vault maps discovered:
D:1:      co_arrival_square_in_a_square_in_a_square, layout_loops_ring

Action                   || total
-------------------------++-------
 Cast: Necrotise         ||    10
  Use: Potion            ||     1
Armor: Robe              ||     5
Dodge: Dodged            ||     9

Table legend: (Time is in decaauts)
 A = Elapsed time spent in this place.
 B = Non-inter-level travel time spent in this place.
 C = Inter-level travel time spent in this place.
 D = Time resting spent in this place.
 E = Time spent auto-exploring this place.
 F = Levels seen in this place.
 G = Mean time per level.
                   A        B        C        D        E       F      G
               +--------+--------+--------+--------+--------+-----+--------+
         Total |    170 |    170 |      0 |      0 |    125 |   1 |  170.0 |
       Dungeon |    170 |    170 |      0 |      0 |    125 |   1 |  170.0 |
               +--------+--------+--------+--------+--------+-----+--------+

Top non-repeatable levels by time:
     D:1: 170 daAuts
